Map: Blackpink LE

Players

Plasmid

  • Race: Zerg Zerg
  • League: Diamond
  • Spawn Location: 1:00

Zavoky - Winner!

  • Race: Zerg Zerg
  • League: Diamond
  • Spawn Location: 7:00

VOD

Have the link to the VOD?

Description

Time

  • Played on: March 7, 2018, 8:09 p.m.
  • Length: 5:07
Show
View Real Time Build Order
Export as new Build Order

Plasmid Zerg 

Build Orders: Hatch First 

Get SALT Encoding   

  12  0:01  Drone  
  13  0:12  Overlord  
  13  0:18  Drone  
  14  0:31  Drone x2  
  14  0:35  Drone  
  17  0:46  Drone  
  18  0:56  Hatchery  
  17  0:58  Drone  
  17  1:01  Extractor  
  17  1:13  Spawning Pool  
  17  1:16  Drone  
  17  1:20  Drone  
  18  1:30  Overlord  
  18  1:40  Drone  
  19  2:00  Zergling x2  
  19  2:01  Zergling x2  
  21  2:06  Metabolic Boost  
  21  2:08  Queen  
  23  2:09  Zergling x2  
  24  2:16  Zergling x2  
  24  2:29  Zergling x4  
  24  2:30  Zergling x2  
  20  2:50  Drone  
  20  3:01  Baneling Nest  
  20  3:03  Zergling x2  
  20  3:17  Zergling x2  
  20  3:18  Zergling x4  
  21  3:28  Zergling x2  
  21  3:29  Zergling x2  
  21  3:39  Zergling x4  
  23  3:56  Drone  
  23  3:57  Drone x2  
  23  4:00  Baneling  
  26  4:02  Baneling  
  26  4:12  Drone  
  26  4:24  Zergling x6  
  29  4:38  Zergling x6  
  22  4:49  Zergling x2  
  22  4:50  Zergling x2  
Show
View Real Time Build Order
Export as new Build Order

Zavoky Zerg - Winner!

Build Orders: Pool First 

Get SALT Encoding   

  12  0:01  Drone  
  13  0:20  Extractor  
  12  0:25  Spawning Pool  
  11  0:29  Drone  
  11  0:33  Drone  
  13  0:39  Drone  
  14  0:48  Overlord  
  14  1:12  Zergling x4  
  14  1:13  Zergling x2  
  17  1:20  Metabolic Boost  
  17  1:23  Zergling x2  
  18  1:34  Zergling x2  
  19  1:47  Zergling x2  
  20  1:49  Queen  
  22  1:55  Overlord  
  22  2:16  Spine Crawler  
  22  2:18  Zergling x4  
  23  2:29  Drone  
  21  2:41  Zergling x2  
  19  2:50  Zergling x2  
  20  2:56  Zergling x2  
  21  3:02  Hatchery, Baneling Nest  
  19  3:09  Zergling x6  
  22  3:24  Zergling x2  
  20  3:35  Zergling x8  
  23  3:50  Zergling x2  
  24  4:01  Zergling x2  
  25  4:03  Baneling  
  25  4:04  Baneling x2  
  25  4:05  Baneling  
  25  4:06  Baneling  
  25  4:23  Zergling x4  
  25  4:24  Zergling x6  
  29  4:37  Zergling x2  
  29  4:38  Zergling x4  
  29  4:43  Baneling x2  
  29  4:48  Zergling x4  
Tags
 
Add a new tag
Caveats
  • Supply blocks, unpowered buildings, or Contaminate may cause inaccurate times.
  • Supply counts are checked every 10 seconds.